General information
			
			
        
        - name: BNet
 
        - type: Ladder team game (AT/RT)
 
        - host: Battle.net
 
        - saver: TIMG4STRok
 
        
map: TurtleRock 
        - players: 4
 
        - length: 08:09
 
        - speed: Fast
 - version: 1.21 W3XP
 - replay type:  

 
» download(56 KB)
Players
        team 1 (winner) 
              
              
» 
NADMaN (
red | 192 APM | 1564 actions | 08:07)
              
 3 Death Knight 
 2 Death Coil
 1 Unholy Aura
 1 Lich 
 1 Frost Nova
 
                » actions 
                
                | Assign group hotkey | 10 |  | 
| Basic commands | 12 |  | 
| Build / train | 23 |  | 
| Enter build submenu | 9 |  | 
| Enter hero's abilities submenu | 5 |  | 
| Give item / drop item | 2 |  | 
| Right click | 855 |  | 
| Select / deselect | 161 |  | 
| Select group hotkey | 465 |  | 
| Use ability | 22 |  | 
                1564 total
 » units 
                
                | Acolyte | 2 |  | 
| Ghoul | 2 |  | 
| Crypt Fiend | 6 |  | 
| Obsidian Statue | 2 |  | 
                12 total
 » upgrades
                » buildings
                
                | Crypt | 1 |  | 
| Ziggurat | 3 |  | 
| Altar of Darkness | 1 |  | 
| Graveyard | 1 |  | 
| Tomb of Relics | 1 |  | 
| Halls of the Dead | 1 |  | 
| Slaughterhouse | 1 |  | 
                9 total
 » build order
                00:06 Crypt
00:14 Ziggurat
00:20 Altar of Darkness
00:47 Graveyard
01:27 Ziggurat
01:41 Tomb of Relics
03:49 Halls of the Dead
04:40 Ziggurat
06:28 Slaughterhouse
» items
                
                | Rod of Necromancy | 1 |  | 
| Dust of Appearance | 1 |  | 
| Potion of Healing | 1 |  | 
                3 total
  
               
              
              
» 
TIMG4STRok (
yellow | 117 APM | 953 actions | 08:09)
              
 2 Demon Hunter 
 1 Mana Burn
 1 Evasion
 
                » actions 
                
                | Assign group hotkey | 14 |  | 
| Basic commands | 41 |  | 
| Build / train | 29 |  | 
| ESC pressed | 1 |  | 
| Enter build submenu | 9 |  | 
| Enter hero's abilities submenu | 2 |  | 
| Right click | 466 |  | 
| Select / deselect | 96 |  | 
| Select group hotkey | 267 |  | 
| Use ability | 28 |  | 
                953 total
 » units 
                » buildings
                
                | Altar of Elders | 1 |  | 
| Moon Well | 4 |  | 
| Hunter's Hall | 1 |  | 
| Ancient of War | 2 |  | 
| Ancient of Wonders | 1 |  | 
                9 total
 » build order
                00:09 Altar of Elders
00:19 Moon Well
01:27 Hunter's Hall
01:47 Ancient of War
02:04 Ancient of War
02:17 Moon Well
03:31 Moon Well
05:05 Moon Well
05:29 Ancient of Wonders
» items
                 
               team 2 (loser) 
              
              
Mr.lA_Al-xZ (
blue | 73 APM | 590 actions | 08:07)
              
 2 Priestess of the Moon 
 1 Trueshot Aura
 1 Searing Arrows
 
                » actions 
                
                | Assign group hotkey | 5 |  | 
| Basic commands | 47 |  | 
| Build / train | 20 |  | 
| Enter build submenu | 9 |  | 
| Enter hero's abilities submenu | 2 |  | 
| Remove unit from queue | 1 |  | 
| Right click | 234 |  | 
| Select / deselect | 124 |  | 
| Select group hotkey | 130 |  | 
| Use ability | 18 |  | 
                590 total
 » units 
                » buildings
                
                | Altar of Elders | 1 |  | 
| Moon Well | 4 |  | 
| Hunter's Hall | 1 |  | 
| Ancient of War | 2 |  | 
| Ancient Protector | 1 |  | 
| Tree of Ages | 1 |  | 
                10 total
 » build order
                00:26 Altar of Elders
00:27 Moon Well
01:19 Hunter's Hall
01:42 Moon Well
02:18 Ancient of War
02:23 Ancient of War
02:47 Ancient Protector
04:17 Moon Well
05:18 Moon Well
07:33 Tree of Ages
» items
                 
               
              
              
tIm_A.Nichols (
orange | 125 APM | 1007 actions | 08:03)
              
 3 Death Knight 
 2 Death Coil
 1 Unholy Aura
 1 Lich 
 1 Frost Nova
 
                » actions 
                
                | Assign group hotkey | 23 |  | 
| Basic commands | 33 |  | 
| Build / train | 45 |  | 
| Enter build submenu | 9 |  | 
| Enter hero's abilities submenu | 4 |  | 
| Remove unit from queue | 4 |  | 
| Right click | 571 |  | 
| Select / deselect | 268 |  | 
| Select group hotkey | 9 |  | 
| Use ability | 41 |  | 
                1007 total
 » units 
                
                | Acolyte | 2 |  | 
| Ghoul | 3 |  | 
| Crypt Fiend | 13 |  | 
                18 total
 » upgrades
                » buildings
                
                | Graveyard | 1 |  | 
| Crypt | 1 |  | 
| Altar of Darkness | 1 |  | 
| Ziggurat | 4 |  | 
| Tomb of Relics | 1 |  | 
| Nerubian Tower | 1 |  | 
| Halls of the Dead | 5 |  | 
| Slaughterhouse | 1 |  | 
                15 total
 » build order
                00:05 Graveyard
00:07 Crypt
00:28 Altar of Darkness
00:45 Ziggurat
01:15 Tomb of Relics
01:43 Nerubian Tower
02:20 Ziggurat
03:49 Halls of the Dead
03:49 Halls of the Dead
03:49 Halls of the Dead
04:20 Ziggurat
05:32 Ziggurat
06:42 Slaughterhouse
» items
                
                | Rod of Necromancy | 2 |  | 
| Dust of Appearance | 1 |  | 
| Potion of Healing | 1 |  | 
                4 total
  
                Chat log
          (00:16 / All) Mr.lA_Al-xZ: plz leave
(00:32 / All) TIMG4STRok: gl hf manner game
(00:34 / All) Mr.lA_Al-xZ: check our statns and leave
(00:40 / All) TIMG4STRok: checking statns
(00:41 / All) Mr.lA_Al-xZ: lol...
(00:45 / All) Mr.lA_Al-xZ: kk have fun
(00:55 / All) NADMaN: hey dookie
(01:01 / All) NADMaN: waaaaazaaaaaaaaaaaa
(03:37 / All) TIMG4STRok: damn you're awesome
(03:54 / All) Mr.lA_Al-xZ: sighz...
(04:01 / All) Mr.lA_Al-xZ: dunno wut im doing
(04:13 / All) TIMG4STRok: leaving
(04:15 / All) TIMG4STRok: bye
(08:01 / All) tIm_A.Nichols: GG
(08:05 / All) TIMG4STRok: lmfao